 Dungeon Crawl Stone Soup version 0.29-a0-384-g6960b1960d (webtiles) character file.

Game seed: 3919896145111653284

141 jimonade the Magician (level 5, -2/38 HPs)
             Began as a Djinni Hedge Wizard on May 7, 2022.
             Hit by a boomerang thrown by an orc (4 damage)
             ... on level 2 of the Dungeon.
             The game lasted 00:07:33 (3797 turns).

jimonade the Magician (Djinni Hedge Wizard)         Turns: 3797, Time: 00:07:34

Health: -2/38      AC:  3    Str: 11    XL:     5   Next: 48%
Gold:   96         EV: 12    Int: 15    God:
                   SH:  0    Dex: 13

rFire   + + .      SeeInvis .   a - +0 dagger
rCold   x . .      Faith    .   (no shield)
rNeg    . . .      Spirit   .   q - +0 animal skin
rPois   ∞          Reflect  .   r - +0 helmet
rElec   .          Harm     .   (no cloak)
rCorr   .          Rampage  .   (no gloves)
Will    .....                   (boots unavailable)
Stlth   ++........              (no amulet)
HPRegen 0.12/turn               (no ring)
MPRegen 0.00/turn               (no ring)

@: on blink cooldown, flying
A: sickness immunity, fire resistance 2, cold vulnerability 1, float, innate
caster, HP casting, extra vitality 1
a: no special abilities


You were on level 2 of the Dungeon.
You visited 1 branch of the dungeon, and saw 3 of its levels.

You collected 96 gold pieces.

Inventory:

Hand Weapons
 a - a +0 dagger (weapon)
 h - a +0 spear
Missiles
 j - 84 stones
 m - 8 poisoned darts
 n - 5 curare-tipped darts
Armour
 g - a +0 leather armour
 q - a +0 animal skin (worn)
 r - a +0 helmet (worn)
 t - a +0 scale mail
Jewellery
 k - a ring of ice
Scrolls
 d - a scroll of magic mapping {unknown}
 e - a scroll of teleportation
 f - a scroll of noise {unknown}
 l - a scroll of identify
 s - a scroll of fear {unknown}
Potions
 c - 2 potions of haste
 i - 2 potions of heal wounds {unknown}
 o - a potion of attraction {unknown}
 p - a potion of curing
 u - 2 potions of mutation {unknown}
 v - a potion of ambrosia {unknown}


   Skills:
 * Level 2.0 Fighting
 - Level 2.1 Dodging
 - Level 1.5 Stealth
 + Level 4.1 Spellcasting


You couldn't memorise any spells.
You knew the following spells:

 Your Spells              Type           Power      Damage    Failure   Level
a - Magic Dart            Conj           60%        1d6       3%          1
b - Blink                 Tloc           30%        N/A       4%          2
c - Call Imp              Summ           15%        N/A       4%          2
d - Slow                  Hex            60%        N/A       3%          1
e - Conjure Flame         Conj/Fire      15%        6-21      10%         3
f - Mephitic Cloud        Conj/Pois/Air  15%        N/A       10%         3
g - Apportation           Tloc           30%        N/A       3%          1
h - Wereblood             Tmut           15%        N/A       4%          2
Your spell library was empty.

Dungeon Overview and Level Annotations

Branches:
Dungeon (3/15)

Altars:


Innate Abilities, Weirdness & Mutations

You are immune to sickness and miasma.
You are immune to poison.
Your flesh is very heat resistant. (rF++)
You are vulnerable to cold. (rC-)
You float through the air rather than walking.
You learn spells naturally, not from books.
Your magical power is your life essence.
You have superior vitality. (+4 MHP)


Message History

There is a stone staircase leading down here.
You are too injured to fight recklessly!
You are too injured to fight recklessly!
You are too injured to fight recklessly!
You are too injured to fight recklessly!
You are too injured to fight recklessly!
You are too injured to fight recklessly!
Aiming: Magic Dart (safe; 3% risk of failure)
Press: ? - help, Q - select action, (/) - cycle Shift-Dir - straight line, f - orc
Aim: an orc, wielding a +0 morningstar of protection, wearing a +0 ring mail and quivering boomerangs (100% to hit)
The magic dart hits the orc but does no damage.
The orc hits you with a +0 morningstar of protection.
Aiming: Magic Dart (safe; 3% risk of failure)
Press: ? - help, Q - select action, (/) - cycle Shift-Dir - straight line, f/p - orc
Aim: an orc, wielding a +0 morningstar of protection, wearing a +0 ring mail and quivering boomerangs (100% to hit)
The magic dart hits the orc but does no damage.
The orc misses you.
Aiming: Magic Dart (safe; 3% risk of failure)
Press: ? - help, Q - select action, (/) - cycle Shift-Dir - straight line, f/p - orc
Aim: an orc, wielding a +0 morningstar of protection, wearing a +0 ring mail and quivering boomerangs (100% to hit)
The magic dart hits the orc but does no damage.
* * * LOW HITPOINT WARNING * * *
The orc hits you with a +0 morningstar of protection!
* * * LOW HITPOINT WARNING * * *
Aiming: Magic Dart (safe; 3% risk of failure)
Press: ? - help, Q - select action, (/) - cycle Shift-Dir - straight line, f/p - orc
Aim: an orc, wielding a +0 morningstar of protection, wearing a +0 ring mail and quivering boomerangs (100% to hit)
The magic dart hits the orc but does no damage.
* * * LOW HITPOINT WARNING * * *
The orc misses you.
Unknown command.
Casting: Magic Dart (safe; 3% risk of failure)
Confirm with . or Enter, or press ? or * to list all spells.
Okay, then.
Casting: Magic Dart (safe; 3% risk of failure)
Confirm with . or Enter, or press ? or * to list all spells.
You blink.
* * * LOW HITPOINT WARNING * * *
The orc throws a boomerang.
The boomerang hits you.
You die...

.#..#.........................#
....#.#######..########.#########
...................§..#.#.......#
......#.....##.###)####.#.#####.#
###.........##..##o####...# #.#
###...###.##.......###### #.# ###
#.#.# ####.......# #.# ..###.#.#
#.......##########.# ..+.....#
#..@....'..........# ..###.###
#.......############ ###
#.########.......#
#........#.......#
#<.......#.......#
#........#.......##
#........#........#
##.......#........#
######.......#........#########


You could see an orc.

Vanquished Creatures
  Terence (D:2)
  An orc wizard (D:3)
  Robin (D:2)
  An adder (D:2)
  A worm (D:2)
  2 dart slugs
  2 orcs
  2 endoplasms (D:1)
  3 giant cockroaches
  9 goblins
  10 hobgoblins
  7 jackals (D:1)
  2 quokkas
  2 ball pythons
  4 bats
  2 frilled lizards
  A kobold (D:1)
  4 rats
55 creatures vanquished.

Notes
Turn   | Place    | Note
-------+----------+-------------------------------------------
     0 | D:1      | jimonade the Djinni Hedge Wizard began the quest for the
                  | Orb.
     0 | D:1      | Reached XP level 1. HP: 15/15 MP: 0/0
   289 | D:1      | Found a faded altar of an unknown god.
   329 | D:1      | Reached XP level 2. HP: 15/22 MP: 0/0
   799 | D:1      | Reached skill level 3 in Spellcasting
   894 | D:1      | Reached XP level 3. HP: 22/26 MP: 0/0
   894 | D:1      | Learned a level 1 spell: Apportation
  1059 | D:1      | Reached skill level 1 in Fighting
  1800 | D:2      | Reached XP level 4. HP: 30/32 MP: 0/0
  1880 | D:2      | Noticed Robin
  2383 | D:2      | Killed Robin
  2747 | D:2      | Noticed Terence
  2769 | D:2      | Killed Terence
  2770 | D:2      | Reached XP level 5. HP: 32/38 MP: 0/0
  2770 | D:2      | Learned a level 2 spell: Wereblood
  3789 | D:3      | Reached skill level 4 in Spellcasting
  3797 | D:2      | Hit by a boomerang thrown by an orc

Illustrated notes

Levels and vault maps discovered:
D:1:      ncdulo_halloftheorcs, layout_rooms, chequers_ecumenical_altar_twisty
D:2:      layout_basic, columned_hall_lemuel, uniq_terence, uniq_robin
D:3:      minmay_bubble_buster, layout_rooms, mainiacjoe_overflow_tiny_flanked,
          minmay_lizard_king, uniq_ijyb

Skill      XL: |  1  2  3  4  5 |
---------------+----------------+-----
Spellcasting   | 3 4 |  4.1
Fighting       | 1 2 |  2.0
Dodging        | |  2.1
Stealth        | |  1.5

Action                   |  1- 3 |  4- 6 || total
-------------------------+-------+-------++-------
Melee: Dagger            |     4 |    28 ||    32
 Cast: Magic Dart        |    75 |    82 ||   157
       Mephitic Cloud    |       |     2 ||     2
       Blink             |       |     1 ||     1
  Use: Scroll            |       |     3 ||     3
 Stab: Sleeping          |     1 |       ||     1
       Confused          |       |     3 ||     3
Armor: Robe              |     2 |     5 ||     7
       Animal skin       |       |     3 ||     3
Dodge: Dodged            |    10 |    43 ||    53

Table legend: (Time is in decaauts)
 A = Elapsed time spent in this place.
 B = Non-inter-level travel time spent in this place.
 C = Inter-level travel time spent in this place.
 D = Time resting spent in this place.
 E = Time spent auto-exploring this place.
 F = Levels seen in this place.
 G = Mean time per level.
                   A        B        C        D        E       F      G
               +--------+--------+--------+--------+--------+-----+--------+
         Total |   3803 |   3668 |    135 |   1240 |   1881 |   3 | 1267.7 |
       Dungeon |   3803 |   3668 |    135 |   1240 |   1881 |   3 | 1267.7 |
               +--------+--------+--------+--------+--------+-----+--------+

Top non-repeatable levels by time:
     D:2: 1844 daAuts
     D:1: 1830 daAuts
     D:3: 129 daAuts
